 Dungeon Crawl Stone Soup version 0.31-a0-187-gba352fbbf7 (webtiles) character file.

Game seed: 3115504079587287982

17133 qw the Markself (level 12, -2/71 HPs)
             Began as a Deep Elf Hunter on June 22, 2023.
             Was a High Priest of Okawaru.
             Slain by a cane toad (13 damage)
             ... on level 1 of the Lair of Beasts.
             The game lasted 00:04:52 (8468 turns).

qw the Markself (Deep Elf Hunter)                   Turns: 8468, Time: 00:04:53

Health: -2/71      AC: 27    Str: 12    XL:     12   Next: 16%
Magic:  19/21      EV: 23    Int: 16    God:    Okawaru [*****.]
Gold:   207        SH:  0    Dex: 18    Spells: 11/11 levels left

rFire   + . .        r - +2 orcbow (elec)
rCold   . . .        (shield currently unavailable)
rNeg    + . .        j - +0 pearl dragon scales
rPois   .            a - +2 helmet {SInv}
rElec   +            b - scarf {rC+ rF+}
rCorr   .            s - +4 pair of gloves "Deaku" {+Blink rElec}
SInv    +            (no boots)
Will    +....        (no amulet)
Stlth   ++           k - +4 ring of slaying {mikee}
HPRegen 0.31/turn    m - +5 ring of evasion
MPRegen 0.17/turn

%: no passive effects
@: lethally poisoned (-2 -> -13), heroic
A: iridescent scales 2, cold vulnerability 1, sturdy frame 1
a: Renounce Religion, Evoke Blink, Heroism, Finesse, Duel


You were on level 1 of the Lair of Beasts.
You worshipped Okawaru.
Okawaru was extremely pleased with you.
You visited 3 branches of the dungeon, and saw 13 of its levels.
You also visited: Ossuary.

You collected 1991 gold pieces.
You spent 1784 gold pieces at shops.


Innate Abilities, Weirdness & Mutations

You are mostly covered in iridescent scales. (AC +4)
You are vulnerable to cold. (rC-)
Your movements are slightly less encumbered by armour. (ER -2)


   Skills:
 - Level 6.5(11.5) Fighting
 - Level 16.0(21.0) Ranged Weapons
 + Level 4.3(9.3) Armour
 - Level 12.0(17.0) Dodging
 - Level 1.2(6.2) Stealth
 - Level 10.0 Invocations


You had 11 spell levels left.
You didn't know any spells.
Your spell library was empty.

Inventory:

Hand Weapons
 r - a +2 orcbow of electrocution (weapon)
Armour
 a - a +2 helmet of see invisible (worn)
 b - a scarf of resistance (worn)
 i - a +1 ring mail of fire resistance
 j - +0 pearl dragon scales (worn)
 s - the +4 pair of gloves "Deaku" (worn) {+Blink rElec}
   (You acquired it on level 5 of the Dungeon)

   rElec:     It insulates you from electricity.
   +Blink:    It lets you blink.
 u - the +0 hat of Sloth {rF+ Regen+}
   (You found it on level 9 of the Dungeon)

   rF:        It protects you from fire.
   Regen:     It increases your rate of health regeneration.
 v - the +1 pair of boots of the Sun {Harm Regen+ Dex+3}
   (You bought it in a shop on level 10 of the Dungeon)

   Dex:       It affects your dexterity (+3).
   Regen:     It increases your rate of health regeneration.
   Harm:      It increases damage dealt and taken.
Jewellery
 k - a +4 ring of slaying (left hand) {mikee}
 m - a +5 ring of evasion (right hand)
 o - the ring "Sacvuus" {Ice +Blink Fly rPois Str-3}
   (You found it on level 1 of the Lair of Beasts)

   [ring of ice]

   It enhances your ice magic.
   Str:       It affects your strength (-3).
   rF:        It makes you vulnerable to fire.
   rC:        It protects you from cold.
   rPois:     It protects you from poison.
   Fly:       It grants you flight.
   +Blink:    It lets you blink.
Wands
 p - a wand of digging (1)
Scrolls
 f - 6 scrolls of identify
Potions
 c - 6 potions of mutation
 d - a potion of might
 e - 4 potions of curing
 g - 8 potions of enlightenment
 h - a potion of resistance
 l - 2 potions of haste
 n - a potion of magic

Dungeon Overview and Level Annotations

Branches:
Dungeon (11/15)            Temple (1/1) D:5            Lair (1/5) D:11
    Orc (0/2) D:11        Ossuary (visited)

Altars:
Ashenzari
Cheibriados
Dithmenos
Elyvilon
Fedhas
Gozag
Hepliaklqana
Kikubaaqudgha
Makhleb
Nemelex Xobeh
Okawaru
Qazlal
Ru
Sif Muna
Trog
Uskayaw
Vehumet
Wu Jian
Xom
Yredelemnul
Zin
The Shining One

Shops:
D:3 :   D:9 !   D:10 [

Annotations:
D:3 1 runed translucent door, Crazy Yiuf
D:8 3 runed translucent doors, qw's ghost, novice MiHu


Message History

The yak misses you. x2
Your Invocations skill increases to level 10!
You shoot an arrow.
The arrow hits the yak but does no damage.
The yak is severely wounded.
You feel like a meek peon again.
The blink frog blinks!
The cane toad stings you but does no damage.
8463 ||| INVOKING Heroism.
You gain the combat prowess of a mighty hero.
The yak gores you. x2; The yak gores you but does no damage.
The cane toad stings you.
You are poisoned.
The cane toad poisons you!
You shoot an arrow. The arrow hits the yak!
You kill the yak!
Okawaru accepts your kill.
You feel very sick. The yak gores you.
A yak comes into view.
The yak gores you. The cane toad stings you!
You are lethally poisoned!
The cane toad poisons you!
You shoot an arrow. The arrow closely misses the cane toad.
You feel very sick. The yak closely misses you. The yak barely misses you.
The yak completely misses you. The cane toad barely misses you.
You shoot an arrow. The arrow closely misses the cane toad.
You feel very sick. The blink frog misses you. The yak misses you.
The yak barely misses you. The cane toad misses you.
You shoot an arrow. The arrow closely misses the cane toad.
You feel very sick.
The blink frog hits you but does no damage.
The yak barely misses you. The yak misses you. x2
The cane toad closely misses you.
You shoot an arrow. The arrow barely misses the cane toad.
You feel very sick.
The blink frog blinks!
The cane toad stings you!
You die...

. #.....# #.....#
#.....# . #.....# ..
##.....# ...
#Y.......# ...#
¤Y..................
..?.¤......Y##.P..##
...........Y@F......
..Y.....F..YY¤......
..¤.................
.F.[................
......P.######.
......### ##....
#....


You could see 4 yaks, a cane toad and a blink frog.

Vanquished Creatures
  5 two-headed ogres
  Urug (D:11)
  2 deep elf zephyrmancers (D:9)
  An ugly thing (D:11)
  Joseph (D:10)
  A black mamba (Lair:1)
  2 cane toads (Lair:1)
  A rime drake (Lair:1)
  2 komodo dragons (D:11)
  3 trolls (D:11)
  Grinder (D:4)
  A blink frog (Lair:1)
  2 wyverns
  A shadow (D:9)
  A basilisk (Lair:1)
  26 yaks
  4 water moccasins
  Duvessa (D:7)
  4 orc warriors
  A swamp drake (D:9)
  Pargi (D:3)
  2 black bears
  5 ogres
  5 wolves (D:11)
  3 phantoms
  5 centaurs
  4 kobold brigands
  3 bullfrogs
  7 gnoll sergeants
  An elf skeleton (D:5)
  4 scorpions
  Dowan (D:7)
  2 electric eels (D:11)
  A crimson imp (D:9)
  2 centaur zombies (Ossuary)
  3 orc priests
  8 hounds
  A human zombie (Ossuary)
  A gnoll bouda (D:6)
  An iron imp (D:9)
  Terence (D:3)
  A sleepcap (D:7)
  4 iguanas
  6 orc wizards
  3 mummies (Ossuary)
  Robin (D:2)
  15 gnolls
  4 adders
  4 white imps
  4 ufetubi
  4 adder zombies (Ossuary)
  2 worms
  2 dart slugs (D:1)
  33 orcs
  4 endoplasms
  A giant cockroach (D:2)
  18 goblins
  9 hobgoblins
  7 jackals
  4 quokkas
  5 ball pythons
  4 bats
  2 gnoll zombies (Ossuary)
  3 goblin zombies (Ossuary)
  3 hobgoblin zombies (Ossuary)
  6 jackal zombies (Ossuary)
  12 kobolds
  5 kobold zombies (Ossuary)
  An orc skeleton (D:5)
  3 orc zombies
  2 quokka zombies (Ossuary)
  5 rats
  3 rat zombies (Ossuary)
302 creatures vanquished.

Vanquished Creatures (others)
  A shadow imp (D:9)
  An orc (D:9)
2 creatures vanquished.

Grand Total: 304 creatures vanquished

Notes
Turn   | Place    | Note
-------+----------+-------------------------------------------
     0 | D:1      | qw the Deep Elf Hunter began the quest for the Orb.
     0 | D:1      | Reached XP level 1. HP: 12/12 MP: 3/3
     0 | D:1      | 0 ||| qw: Version: 0.3-a-9-g12657ce
     0 | D:1      | 0 ||| qw: Game counter: 2029
     0 | D:1      | 0 ||| qw: Always use a shield: true
     0 | D:1      | 0 ||| qw: God list: Okawaru
     0 | D:1      | 0 ||| qw: Allow faded altars: false
     0 | D:1      | 0 ||| qw: Do Orc after D:15 true
     0 | D:1      | 0 ||| qw: Do second Lair branch before Depths: true
     0 | D:1      | 0 ||| qw: Lair rune preference: random
     0 | D:1      | 0 ||| qw: Plans: Normal
     0 | D:1      | 0 ||| PLANNING D:1-11
   103 | D:1      | Reached skill level 6 in Ranged Weapons
   103 | D:1      | Reached XP level 2. HP: 16/16 MP: 4/4
   344 | D:1      | Reached XP level 3. HP: 20/20 MP: 5/5
   522 | D:1      | 522 ||| UPGRADING to +0 ring mail.
   532 | D:1      | 532 ||| DROPPING +0 leather armour.
   533 | D:1      | 533 ||| UPGRADING to +4 ring of slaying {mikee}.
   534 | D:1      | 534 ||| READING scroll labelled TEAMEI KEEPUDD.
   534 | D:1      | Identified a scroll of acquirement
   534 | D:1      | 534 ||| ACQUIRING 1205 gold pieces
   534 | D:1      | Acquired 1205 gold pieces
   536 | D:1      | 536 ||| READING scroll labelled FINITHIATU.
   537 | D:1      | 537 ||| READING 2 scrolls labelled OCYMIO ASTOT.
   538 | D:1      | 538 ||| READING scroll labelled POTEMA DERAHE.
   576 | D:1      | 576 ||| DROPPING scroll of butterflies.
   746 | D:2      | Reached skill level 7 in Ranged Weapons
   860 | D:2      | Found a faded altar of an unknown god.
  1131 | D:2      | 1131 ||| UPGRADING to scarf of resistance.
  1136 | D:2      | 1136 ||| READING scroll labelled WITEWI AWILL.
  1141 | D:2      | 1141 ||| DRINKING 2 murky grey potions.
  1141 | D:2      | Gained mutation: You are vulnerable to cold. (rC-) [potion
                  | of mutation]
  1141 | D:2      | Gained mutation: You are partially covered in iridescent
                  | scales. (AC +2) [potion of mutation]
  1141 | D:2      | Gained mutation: Your movements are slightly less
                  | encumbered by armour. (ER -2) [potion of mutation]
  1141 | D:2      | Gained mutation: You are mostly covered in iridescent
                  | scales. (AC +4) [potion of mutation]
  1142 | D:2      | 1142 ||| READING 4 scrolls of identify.
  1142 | D:2      | 1142 ||| IDENTIFYING sedimented orange potion
  1143 | D:2      | 1143 ||| READING 3 scrolls of identify.
  1143 | D:2      | 1143 ||| IDENTIFYING smoky blue potion
  1144 | D:2      | 1144 ||| DROPPING potion of brilliance.
  1153 | D:3      | Noticed Robin
  1159 | D:3      | 1159 ||| STAIRDANCE
  1195 | D:3      | 1195 ||| STAIRDANCE
  1199 | D:2      | Killed Robin
  1200 | D:2      | Reached XP level 4. HP: 21/25 MP: 6/6
  1227 | D:2      | 1227 ||| UPGRADING to +1 helmet of see invisible.
  1268 | D:3      | Reached skill level 8 in Ranged Weapons
  1342 | D:3      | Noticed Pargi
  1352 | D:3      | Reached XP level 5. HP: 20/29 MP: 7/7
  1357 | D:3      | Killed Pargi
  1358 | D:3      | Reached skill level 9 in Ranged Weapons
  1366 | D:3      | 1366 ||| FLEEEEING.
  1433 | D:3      | Reached XP level 6. HP: 30/35 MP: 8/8
  1520 | D:3      | Found Azym's Book Emporium.
  1581 | D:3      | Noticed Terence
  1591 | D:3      | Killed Terence
  1784 | D:3      | Found a runed translucent door.
  1785 | D:3      | Noticed Crazy Yiuf
  1832 | D:3      | 1832 ||| UPGRADING to +0 troll leather armour {Pargi}.
  1842 | D:3      | 1842 ||| DROPPING +0 ring mail.
  1843 | D:3      | 1843 ||| UPGRADING to +5 ring of evasion.
  1844 | D:3      | 1844 ||| READING scroll labelled NOP ETUFYUB MOLO.
  1845 | D:3      | 1845 ||| READING scroll labelled ESENYD GUDO.
  1846 | D:3      | 1846 ||| READING scroll labelled UTIUFI TUCU.
  1847 | D:3      | 1847 ||| READING scroll labelled ZUDGHA AKHLU.
  1848 | D:3      | 1848 ||| READING 2 scrolls of identify.
  1848 | D:3      | 1848 ||| IDENTIFYING puce potion
  1850 | D:3      | 1850 ||| Stepping ~*~*~tactically~*~*~ (cloud).
  2063 | D:4      | Noticed Grinder
  2066 | D:4      | Paralysed by Grinder for 2 turns
  2070 | D:4      | Paralysed by Grinder for 4 turns
  2080 | D:4      | Killed Grinder
  2130 | D:4      | 2130 ||| READING scroll of enchant armour.
  2130 | D:4      | 2130 ||| ENCHANTING +1 helmet of see invisible.
  2202 | D:4      | Reached XP level 7. HP: 40/40 MP: 9/9
  2204 | D:4      | Reached skill level 10 in Ranged Weapons
  2651 | D:4      | 2651 ||| DRINKING 2 fuming purple potions.
  2652 | D:4      | 2652 ||| DROPPING potion of attraction.
  2673 | D:5      | Entered Level 5 of the Dungeon
  2674 | D:5      | 2674 ||| PLANNING OSSUARY
  2697 | D:5      | Reached skill level 11 in Ranged Weapons
  2816 | D:5      | Found a staircase to the Ecumenical Temple.
  2873 | D:5      | 2873 ||| READING scroll of acquirement.
  2873 | D:5      | 2873 ||| ACQUIRING +0 orcbow of draining
  2873 | D:5      | Acquired a +0 orcbow of draining
  2875 | D:5      | 2875 ||| SWAPPING to +0 orcbow of draining.
  2876 | D:5      | 2876 ||| DROPPING +0 shortbow of draining.
  2943 | D:5      | 2943 ||| READING scroll of acquirement.
  2943 | D:5      | 2943 ||| ACQUIRING +4 pair of gloves "Deaku" {+Blink rElec}
  2943 | D:5      | Acquired the +4 pair of gloves "Deaku" {+Blink rElec}
  2945 | D:5      | 2945 ||| UPGRADING to +4 pair of gloves "Deaku" {+Blink
                  | rElec}.
  3103 | D:5      | Reached skill level 1 in Armour
  3104 | D:5      | Found a sand-covered staircase.
  3106 | D:5      | 3106 ||| READING scroll labelled CAECKA TEEDWUE.
  3207 | D:5      | 3207 ||| READING scroll labelled DADEDU UXOFASU.
  3208 | D:5      | 3208 ||| DRINKING 2 coppery potions.
  3313 | D:5      | 3313 ||| DROPPING potion of berserk rage.
  3321 | Ossuary  | Entered an ossuary
  3375 | Ossuary  | Reached XP level 8. HP: 44/44 MP: 10/10
  3422 | Ossuary  | Reached skill level 12 in Ranged Weapons
  3549 | Ossuary  | 3549 ||| READING scroll labelled NOHAFA IDITIPO.
  3550 | Ossuary  | 3550 ||| READING 4 scrolls of identify.
  3550 | Ossuary  | 3550 ||| IDENTIFYING glowing purple potion
  3551 | Ossuary  | 3551 ||| READING 3 scrolls of identify.
  3551 | Ossuary  | 3551 ||| IDENTIFYING fuming yellow potion
  3552 | Ossuary  | 3552 ||| READING 2 scrolls of identify.
  3552 | Ossuary  | 3552 ||| IDENTIFYING dark potion
  3553 | Ossuary  | 3553 ||| DROPPING potion of lignification.
  3564 | D:5      | 3564 ||| PLANNING TEMPLE
  3585 | Temple   | Entered the Ecumenical Temple
  3655 | Temple   | 3655 ||| PLANNING OKAWARU WORSHIP
  3872 | Temple   | Became a worshipper of Warmaster Okawaru
  3873 | Temple   | 3873 ||| PLANNING D:1-11
  4036 | D:5      | 4036 ||| Stepping randomly (stuck).
  4059 | D:6      | Reached skill level 3 in Fighting
  4274 | D:6      | Reached skill level 13 in Ranged Weapons
  4390 | D:6      | Reached * piety under Okawaru
  4391 | D:6      | Reached skill level 14 in Ranged Weapons
  4551 | D:6      | Reached skill level 1 in Invocations
  4650 | D:6      | 4650 ||| READING scroll labelled IMUCHA KEWNOAP.
  4651 | D:6      | 4651 ||| DRINKING 2 bubbling coppery potions.
  4652 | D:6      | 4652 ||| DROPPING potion of invisibility.
  4718 | D:7      | Reached XP level 9. HP: 51/51 MP: 10/12
  4918 | D:7      | Noticed Dowan
  4919 | D:7      | 4919 ||| INVOKING Heroism.
  4921 | D:7      | Killed Dowan
  4924 | D:7      | Noticed Duvessa
  4931 | D:7      | Killed Duvessa
  4932 | D:7      | Reached skill level 6 in Dodging
  4932 | D:7      | Reached skill level 3 in Invocations
  5343 | D:7      | 5343 ||| DRINKING 2 red potions.
  5344 | D:7      | 5344 ||| DRINKING 2 orange potions.
  5345 | D:7      | 5345 ||| DRINKING 2 fuming blue potions.
  5346 | D:7      | 5346 ||| DRINKING potion of curing.
  5346 | D:7      | 5346 ||| (to cure confusion)
  5347 | D:7      | 5347 ||| DROPPING potion of degeneration.
  5348 | D:7      | 5348 ||| DROPPING potion of ambrosia.
  5405 | D:8      | 5405 ||| INVOKING Heroism.
  5657 | D:8      | 5657 ||| SWAPPING to +2 orcbow of electrocution.
  5658 | D:8      | 5658 ||| DROPPING +0 orcbow of draining.
  5681 | D:8      | Found the +11 Singing Sword {sonic wave}
  5710 | D:8      | Found a runed translucent gate.
  5711 | D:8      | Found a runed translucent gate.
  5712 | D:8      | Found a runed translucent gate.
  5713 | D:8      | Noticed qw's ghost (novice MiHu)
  5849 | D:8      | 5849 ||| DROPPING ring of positive energy.
  5850 | D:8      | 5850 ||| READING 2 scrolls of identify.
  5850 | D:8      | 5850 ||| IDENTIFYING amethyst potion
  5896 | D:9      | Reached ** piety under Okawaru
  5897 | D:9      | Reached skill level 15 in Ranged Weapons
  5897 | D:9      | Noticed a two-headed ogre
  5897 | D:9      | 5897 ||| INVOKING Heroism.
  5914 | D:9      | Killed a two-headed ogre
  5915 | D:9      | Reached skill level 16 in Ranged Weapons
  5915 | D:9      | Reached XP level 10. HP: 34/57 MP: 13/15
  5922 | D:9      | HP: 11/57 [yak (4)]
  5923 | D:9      | 5923 ||| READING 2 scrolls of teleportation.
  5924 | D:9      | 5924 ||| DRINKING potion of heal wounds.
  5925 | D:9      | 5925 ||| INVOKING Heroism.
  5978 | D:9      | Noticed a two-headed ogre
  5979 | D:9      | 5979 ||| INVOKING Heroism.
  5983 | D:9      | Killed a two-headed ogre
  6033 | D:9      | Found a flagged portal.
  6104 | D:9      | Found Mamulite's Distillery.
  6110 | D:9      | 6110 ||| BUYING 2 potions of enlightenment (150 gold).
  6110 | D:9      | Bought 2 potions of enlightenment for 150 gold pieces
  6110 | D:9      | 6110 ||| BUYING 2 potions of mutation (240 gold).
  6110 | D:9      | Bought 2 potions of mutation for 240 gold pieces
  6110 | D:9      | 6110 ||| BUYING 3 potions of enlightenment (225 gold).
  6110 | D:9      | Bought 3 potions of enlightenment for 225 gold pieces
  6110 | D:9      | 6110 ||| BUYING potion of curing (45 gold).
  6110 | D:9      | Bought a potion of curing for 45 gold pieces
  6110 | D:9      | 6110 ||| BUYING potion of curing (45 gold).
  6110 | D:9      | Bought a potion of curing for 45 gold pieces
  6110 | D:9      | 6110 ||| BUYING potion of haste (150 gold).
  6110 | D:9      | Bought a potion of haste for 150 gold pieces
  6110 | D:9      | 6110 ||| BUYING potion of magic (120 gold).
  6110 | D:9      | Bought a potion of magic for 120 gold pieces
  6141 | D:9      | Reached *** piety under Okawaru
  6331 | D:9      | Found a sparkling altar of Nemelex Xobeh.
  6353 | D:9      | 6353 ||| Stepping ~*~*~tactically~*~*~ (outnumbered).
  6358 | D:9      | 6358 ||| Stepping ~*~*~tactically~*~*~ (outnumbered).
  6383 | D:9      | 6383 ||| DRINKING 2 potions of resistance.
  6388 | D:9      | Noticed a deep elf zephyrmancer
  6392 | D:9      | Killed a deep elf zephyrmancer
  6393 | D:9      | Noticed a deep elf zephyrmancer
  6399 | D:9      | Killed a deep elf zephyrmancer
  6408 | D:9      | Identified the +0 hat of Sloth {rF+ Regen+}
  6421 | D:9      | 6421 ||| DROPPING +2 hat.
  6422 | D:9      | 6422 ||| DROPPING +1 hat.
  6423 | D:9      | 6423 ||| DROPPING +1 hat.
  6424 | D:9      | 6424 ||| READING 4 scrolls of identify.
  6424 | D:9      | 6424 ||| IDENTIFYING black potion
  6443 | D:10     | Entered Level 10 of the Dungeon
  6608 | D:9      | Found a basalt altar of Yredelemnul.
  6608 | D:9      | Found a stormy altar of Qazlal.
  6698 | D:10     | Found a blossoming altar of Fedhas.
  6702 | D:10     | Reached skill level 9 in Dodging
  6740 | D:10     | Reached **** piety under Okawaru
  6741 | D:10     | Reached skill level 6 in Fighting
  6843 | D:10     | Noticed a two-headed ogre
  6844 | D:10     | 6844 ||| INVOKING Heroism.
  6848 | D:10     | Killed a two-headed ogre
  6849 | D:10     | Reached XP level 11. HP: 64/64 MP: 13/17
  6881 | D:10     | 6881 ||| INVOKING Heroism.
  6931 | D:10     | Noticed Joseph
  6937 | D:10     | 6937 ||| FLEEEEING.
  6938 | D:10     | 6938 ||| FLEEEEING.
  6939 | D:10     | 6939 ||| FLEEEEING.
  6940 | D:10     | 6940 ||| FLEEEEING.
  6941 | D:10     | 6941 ||| FLEEEEING.
  6942 | D:10     | 6942 ||| FLEEEEING.
  6943 | D:10     | 6943 ||| FLEEEEING.
  6944 | D:10     | 6944 ||| FLEEEEING.
  6945 | D:10     | 6945 ||| FLEEEEING.
  6946 | D:10     | 6946 ||| FLEEEEING.
  6949 | D:10     | 6949 ||| FLEEEEING.
  6950 | D:10     | 6950 ||| FLEEEEING.
  6964 | D:10     | Killed Joseph
  6999 | D:10     | Found Faunyapt's Armour Shop.
  7008 | D:10     | 7008 ||| BUYING +1 leather armour "Tirixt" {Int+4 Dex+6}
                  | (490 gold).
  7008 | D:10     | Bought the +1 leather armour "Tirixt" {Int+4 Dex+6} for 490
                  | gold pieces
  7008 | D:10     | 7008 ||| BUYING +1 pair of boots of the Sun {Harm Regen+
                  | Dex+3} (319 gold).
  7008 | D:10     | Bought the +1 pair of boots of the Sun {Harm Regen+ Dex+3}
                  | for 319 gold pieces
  7281 | D:10     | 7281 ||| UPGRADING to +1 leather armour "Tirixt" {Int+4
                  | Dex+6}.
  7291 | D:10     | 7291 ||| DROPPING +0 troll leather armour {Pargi}.
  7332 | D:11     | 7332 ||| INVOKING Heroism.
  7344 | D:11     | Reached skill level 6 in Invocations
  7349 | D:11     | Found a staircase to the Lair.
  7374 | D:11     | Noticed a two-headed ogre
  7375 | D:11     | 7375 ||| INVOKING Heroism.
  7378 | D:11     | Killed a two-headed ogre
  7426 | D:11     | 7426 ||| INVOKING Heroism.
  7465 | D:11     | Noticed a two-headed ogre
  7467 | D:11     | Killed a two-headed ogre
  7490 | D:11     | 7490 ||| INVOKING Heroism.
  7526 | D:11     | 7526 ||| INVOKING Heroism.
  7545 | D:11     | Found a shimmering blue altar of Sif Muna.
  7608 | D:11     | 7608 ||| INVOKING Heroism.
  7612 | D:11     | Noticed Urug
  7613 | D:11     | 7613 ||| Stepping ~*~*~tactically~*~*~ (outnumbered).
  7624 | D:11     | Killed Urug
  7805 | D:11     | Found a staircase to the Orcish Mines.
  7806 | D:11     | 7806 ||| INVOKING Heroism.
  7813 | D:11     | 7813 ||| Stepping ~*~*~tactically~*~*~ (outnumbered).
  7814 | D:11     | 7814 ||| Stepping ~*~*~tactically~*~*~ (outnumbered).
  7821 | D:11     | Received a gift from Okawaru
  7851 | D:11     | Reached skill level 12 in Dodging
  7875 | D:11     | Reached ***** piety under Okawaru
  7888 | D:11     | Reached skill level 9 in Invocations
  7934 | D:11     | 7934 ||| PLANNING LAIR
  7934 | D:11     | 7934 ||| UPGRADING to +0 pearl dragon scales.
  7944 | D:11     | 7944 ||| DROPPING +1 leather armour "Tirixt" {Int+4 Dex+6}.
  7976 | D:11     | Noticed a purple ugly thing
  7977 | Lair:1   | Entered Level 1 of the Lair of Beasts
  7978 | Lair:1   | 7978 ||| INVOKING Heroism.
  7989 | Lair:1   | 7989 ||| STAIRDANCE
  7993 | D:11     | Reached skill level 3 in Armour
  7993 | D:11     | 7993 ||| FLEEEEING.
  7994 | D:11     | 7994 ||| FLEEEEING.
  7999 | D:11     | HP: 12/66 [purple ugly thing (14)]
  8000 | D:11     | 8000 ||| READING scroll of teleportation.
  8003 | D:11     | Killed a purple ugly thing
  8181 | Lair:1   | 8181 ||| DRINKING 2 potions of cancellation.
  8185 | Lair:1   | 8185 ||| DRINKING potion of cancellation.
  8203 | Lair:1   | Reached XP level 12. HP: 71/71 MP: 21/21
  8292 | Lair:1   | Identified the ring "Sacvuus" {Ice +Blink Fly rPois Str-3}
  8441 | Lair:1   | 8441 ||| INVOKING Heroism.
  8463 | Lair:1   | 8463 ||| INVOKING Heroism.
  8466 | Lair:1   | HP: 17/71 [poisoned by a cane toad]
  8468 | Lair:1   | Slain by a cane toad

Levels and vault maps discovered:
D:1:      nicolae_arrival_somewhat_less_tricky_arrival, layout_rooms,
          minmay_misc_feat_pillars
D:2:      layout_loops_cross, basic_ecumenical_altar, solitary_fountain
D:3:      minmay_wonky_spiral, layout_rooms, serial_shops, shop, uniq_pargi,
          uniq_crazy_yiuf_cottage, uniq_robin, uniq_terence
D:4:      layout_basic, amethyst_killhole, uniq_grinder
D:5:      layout_cave_pools, minmay_temple_entry_ruins,
          nicolae_ossuary_entry_catacombs
D:6:      layout_loops_ring
D:7:      layout_gridville, uniq_duvessa
D:8:      layout_rooms, gammafunk_ghost_spectres, minivault_21,
          hangedman_decor_push
D:9:      layout_rooms, nicolae_overflow_hidden_temple, enter_bailey_6,
          serial_shops, kennysheep_little_box, hangedman_minor_magic
D:10:     layout_irregular_city, fedhas_bush_and_centaur_altar, serial_shops,
          shop_statue, uniq_joseph
D:11:     layout_roguey, erik_lair_island,
          kennysheep_orc_monster_closet_entryway, nicolae_sif_muna_condensation,
          uniq_urug
Temple:   dpeg_five_rooms_temple
Lair:1:   layout_regular_city

Skill      XL: |  1  2  3  4  5  6  7  8  9 10 11 12 |
---------------+-------------------------------------+-----
Ranged Weapons | 6 7 8 9 11 14 16 | 16.0
Fighting       | 2 3 4 6 |  6.5
Dodging        | 5 6 9 12 | 12.0
Armour         | 1 2 3 4 |  4.3
Invocations    | 1 4 5 9 10 | 10.0
Stealth        | |  1.2

Action                     |  1- 3 |  4- 6 |  7- 9 | 10-12 || total
---------------------------+-------+-------+-------+-------++-------
   Fire: Shortbow          |    85 |   127 |    60 |       ||   272
         Orcbow            |       |       |   258 |   340 ||   598
 Invoke: Heroism           |       |       |     3 |    14 ||    17
    Use: Scroll            |     7 |     6 |    10 |     3 ||    26
         Potion            |     1 |       |     7 |     4 ||    12
 Armour: Leather armour    |     2 |       |       |     6 ||     8
         Ring mail         |    15 |    22 |       |       ||    37
         Troll leather arm |       |     4 |    23 |     4 ||    31
         Pearl dragon scal |       |       |       |    18 ||    18
  Dodge: Dodged            |    20 |    57 |    78 |   121 ||   276

Table legend:
 A = Non-vault XP
 B = Vault XP
 C = Vault XP percentage of total XP
 D = Non-vault monster count
 E = Vault monster count
 F = Vault count percentage of total count
                 A         B        C        D         E       F
            +---------+---------+-------+---------+---------+-------
      Total |   17793 |    6683 |  27.3 |     194 |     108 |  35.8
            +---------+---------+-------+---------+---------+-------
        D:1 |      41 |       0 |   0.0 |      23 |       0 |   0.0
        D:2 |      31 |      24 |  43.6 |       9 |       6 |  40.0
        D:3 |     156 |     188 |  54.7 |      26 |      13 |  33.3
        D:4 |     193 |     267 |  58.0 |      18 |       1 |   5.3
        D:5 |     424 |      83 |  16.4 |      11 |       3 |  21.4
        D:6 |    1125 |       0 |   0.0 |      20 |       0 |   0.0
        D:7 |     563 |     214 |  27.5 |      10 |       2 |  16.7
        D:8 |     566 |       0 |   0.0 |       7 |       0 |   0.0
        D:9 |    3311 |    1502 |  31.2 |      19 |      15 |  44.1
       D:10 |    2231 |     594 |  21.0 |      10 |       2 |  16.7
       D:11 |    5705 |    3579 |  38.6 |      27 |      30 |  52.6
     Lair:1 |    3447 |       0 |   0.0 |      14 |       0 |   0.0
    Ossuary |       0 |     232 | 100.0 |       0 |      36 | 100.0
            +---------+---------+-------+---------+---------+-------
